AoeStats
← 一剑扫秋风nelson

MegaRandom

504169351Analyzed
4v4 RM · 29d ago on Sep 4, 2026· 27m 51s· 8 players
Game mode
Random Map
Map size
Large (8 player)
Population
200
Speed
Normal
Resources
Standard
Victory
Conquest
Starting age
Dark Age
Ending age
Imperial Age
RankedLock teamsTeams togetherTeam positionsShared explorationLock speedFull tech treeHidden civsTurbo modeCheats
Victory
Defeat
🇺🇸 Vietnamese · United States
1945
+7
🇻🇳 Maya · Vietnam
1767
+14
🇻🇳 Persians · Vietnam
1742
+15
🇻🇳 Lithuanians · Vietnam
1486
+27
🇨🇳 Mapuche · China
1776
-18
🇺🇦 Celts · Ukraine
1722
-15
🇬🇪 Spanish · Georgia
1722
-15
🇦🇷 Huns · Argentina
1704
-15
一剑扫秋风nelson
7:19 Loom
11:06 Feudal Age
11:21 Champi Runner
11:50 Double-Bit Axe
13:20 Arson
16:26 Town Watch
24:02 Castle Age
23:45 Gold Mining
23:36 Horse Collar
24:46 Fletching
25:36 Bodkin Arrow
27:15 Padded Archer Armor
RoomOnFire
7:16 Loom
9:14 Feudal Age
14:14 Double-Bit Axe
19:45 Fletching
20:35 Padded Archer Armor
24:26 Wheelbarrow
29:54 Castle Age
undefined
9:20 Feudal Age
10:45 Double-Bit Axe
10:57 Loom
15:50 Scale Barding Armor
19:09 Forging
19:10 Bloodlines
23:48 Castle Age
24:50 Chain Barding Armor
23:53 Light Cavalry
knight_0701
8:57 Loom
11:03 Feudal Age
15:18 Castle Age
NaiLiu
6:50 Loom
9:09 Feudal Age
15:07 Fletching
16:41 Double-Bit Axe
19:37 Wheelbarrow
24:21 Castle Age
22:12 Gold Mining
23:13 Padded Archer Armor
23:32 Horse Collar
24:24 Crossbowman
24:59 Bodkin Arrow
26:24 Town Watch
27:59 Hand Cart
DL-ĐệNhị
6:10 Loom
9:02 Feudal Age
9:32 Double-Bit Axe
22:17 Castle Age
20:38 Horse Collar
21:49 Gold Mining
22:11 Bloodlines
22:07 Scale Barding Armor
23:35 Forging
23:41 Husbandry
27:33 Chain Barding Armor
Bis
8:29 Feudal Age
8:40 Loom
10:56 Double-Bit Axe
10:51 Horse Collar
21:19 Castle Age
20:37 Scale Barding Armor
21:27 Forging
22:51 Husbandry
26:57 Wheelbarrow
27:58 Chain Barding Armor
28:30 Heavy Plow
28:40 Bow Saw
VNS_Alibaba_
6:01 Loom
9:12 Feudal Age
15:40 Fletching
20:04 Wheelbarrow
25:37 Castle Age
24:16 Padded Archer Armor
24:50 Gold Mining
25:38 Crossbowman
26:18 Bodkin Arrow
Connection lost

Rejoining the realm…

Still unreachable

The connection could not be restored.

Session expired

The server has moved on; the page needs a fresh start.